AoeStats
← failbaddon

Arena

510910364Analyzed
4v4 RM · 8h ago on Oct 3, 2026· 43m 39s· 8 players
Game mode
Random Map
Map size
Large (8 player)
Population
200
Speed
Normal
Resources
Standard
Victory
Conquest
Starting age
Dark Age
Ending age
Imperial Age
RankedLock teamsTeams togetherTeam positionsShared explorationLock speedFull tech treeHidden civsTurbo modeCheats
Victory
Defeat
🇵🇪 Turks · Peru
1224
+12
🇹🇼 Saxons · Taiwan
1173
+14
🇺🇸 Persians · United States
1150
+15
🇺🇸 Hindustanis · United States
1123
+15
🇺🇸 Dravidians · United States
1141
-16
🇺🇸 Malians · United States
1133
-14
🇺🇸 Danes · United States
1111
-13
🇺🇸 Persians · United States
1108
-13
SRBinBlue
9:17 Feudal Age
9:43 Double-Bit Axe
9:39 Horse Collar
16:29 Castle Age
15:47 Gold Mining
17:51 Loom
23:14 Imperial Age
25:07 Conscription
25:35 Scale Mail Armor
27:22 Squires
28:33 Forging
30:54 Chain Mail Armor
33:56 Wheelbarrow
35:50 Scale Barding Armor
36:16 Heavy Plow
36:24 Light Cavalry
37:15 Bloodlines
37:06 Husbandry
37:31 Bow Saw
37:10 Town Watch
39:11 Grand Trunk Road
40:20 Chain Barding Armor
40:17 Heavy Camel Rider
42:31 Plate Barding Armor
alucard4566
11:01 Feudal Age
15:02 Castle Age
13:10 Double-Bit Axe
13:15 Horse Collar
16:55 Bow Saw
18:29 Wheelbarrow
22:25 Gold Mining
22:51 Heavy Plow
24:35 Loom
28:41 Imperial Age
26:38 Fletching
27:30 Hand Cart
28:10 Bodkin Arrow
28:15 Padded Archer Armor
28:39 Town Watch
29:11 Masonry
28:43 Treadmill Crane
28:45 Cranequins
29:43 Husbandry
31:24 Chemistry
30:47 Ballistics
31:07 Heavy Mounted Crossbowman
33:20 Bracer
33:33 Bloodlines
35:09 Chemistry
34:27 Leather Archer Armor
34:18 Pikeman
34:58 Squires
35:27 Thumb Ring
35:24 Scale Mail Armor
35:55 Ring Archer Armor
35:36 Forging
36:17 Conscription
35:53 Halberdier
37:43 Stone Mining
38:29 Gold Shaft Mining
38:19 Chain Mail Armor
38:19 Elite Varangian Guard
39:18 Shield Wall
40:39 Plate Mail Armor
41:14 Iron Casting
El Thony
9:55 Feudal Age
14:42 Castle Age
14:37 Double-Bit Axe
19:50 Loom
23:24 Imperial Age
21:27 Gold Mining
22:35 Bow Saw
26:03 Padded Archer Armor
27:22 Horse Collar
DarkLightning
10:05 Feudal Age
12:11 Loom
14:30 Castle Age
12:37 Double-Bit Axe
12:40 Horse Collar
15:11 Bow Saw
15:49 Loom
24:18 Gold Mining
25:03 Heavy Plow
26:13 Wheelbarrow
31:18 Imperial Age
29:04 Hand Cart
29:19 Bloodlines
29:09 Husbandry
29:15 Scale Barding Armor
31:04 Kamandaran
31:32 Chain Barding Armor
31:11 Elite War Elephant
32:48 Plate Barding Armor
32:51 Conscription
32:44 Citadels
33:34 Forging
35:18 Iron Casting
35:45 Crop Rotation
SupaHotFire
11:24 Feudal Age
12:17 Loom
15:51 Castle Age
13:48 Stone Mining
18:42 Wheelbarrow
19:35 Stone Shaft Mining
19:29 Double-Bit Axe
22:03 Scale Mail Armor
23:09 Hand Cart
23:07 Forging
23:09 Horse Collar
27:18 Squires
29:35 Chain Mail Armor
29:43 Gambesons
32:16 Elite Skirmisher
34:11 Fletching
34:25 Arson
36:27 Thumb Ring
36:20 Bodkin Arrow
37:03 Padded Archer Armor
39:11 Ballistics
39:18 Gold Mining
ClydeTheLP
2:58 Loom
11:38 Feudal Age
16:15 Castle Age
14:39 Double-Bit Axe
15:19 Horse Collar
17:25 Wheelbarrow
17:12 Pikeman
22:11 Squires
27:29 Hand Cart
27:30 Fletching
27:40 Padded Archer Armor
28:33 Ballistics
28:43 Bow Saw
30:08 Thumb Ring
30:44 Town Watch
32:19 Scale Barding Armor
32:10 Bodkin Arrow
32:31 Leather Archer Armor
33:23 Chain Barding Armor
33:49 Gold Mining
33:50 Stone Mining
34:04 Heavy Plow
35:59 Masonry
36:19 Forging
39:46 Imperial Age
38:13 Scale Mail Armor
39:54 Chain Mail Armor
40:29 Bracer
39:54 Halberdier
40:06 Halberdier
41:56 Plate Mail Armor
42:06 Fortified Wall
44:11 Sanctity
failbaddon
10:15 Feudal Age
14:21 Castle Age
12:40 Horse Collar
13:27 Double-Bit Axe
22:13 Bow Saw
22:08 Heavy Plow
23:26 Scale Mail Armor
26:08 Wheelbarrow
26:20 Arson
26:48 Forging
29:21 Hand Cart
31:55 Imperial Age
30:08 Chain Mail Armor
31:44 Iron Casting
31:11 Squires
31:18 Stone Mining
32:56 Loom
33:19 Scale Barding Armor
33:49 Farimba
34:29 Chain Barding Armor
34:44 Bloodlines
34:16 Heavy Camel Rider
36:12 Plate Barding Armor
35:40 Husbandry
36:37 Conscription
37:28 Town Watch
37:36 Fletching
Leonidas
7:14 Loom
10:31 Feudal Age
10:50 Horse Collar
10:56 Double-Bit Axe
20:32 Castle Age
19:05 Gold Mining
20:37 Scale Barding Armor
20:44 Bloodlines
21:16 Bow Saw
21:24 Husbandry
21:37 Forging
24:03 Light Cavalry
28:01 Heavy Plow
33:28 Chain Barding Armor
33:51 Iron Casting
37:53 Wheelbarrow
37:35 Masonry
41:26 Imperial Age
38:58 Pikeman
40:05 Scale Mail Armor
41:02 Halberdier
42:01 Chain Mail Armor
42:47 Blast Furnace
42:10 Conscription
Connection lost

Rejoining the realm…

Still unreachable

The connection could not be restored.

Session expired

The server has moved on; the page needs a fresh start.